 Dungeon Crawl Stone Soup version 0.17-a0-1842-gacc33f2 (webtiles) character file.

3594 Lysie the Cleaver (level 9, -1/71 HPs)
             Began as a Minotaur Fighter on Sept 16, 2015.
             Was a Believer of Okawaru.
             Rolled over by a boulder beetle (36 damage)
             ... on level 7 of the Dungeon on Sept 17, 2015.
             The game lasted 00:26:00 (7251 turns).

Lysie the Cleaver (Minotaur Fighter)                Turns: 7251, Time: 00:26:00

Health: -1/71      AC: 11    Str: 24    XL:     9   Next: 85%
Magic:  2/2        EV:  8    Int:  5    God:    Okawaru [**....]
Gold:   497        SH: 13    Dex: 10    Spells: 0 memorised, 8 levels left

rFire  + . .     SeeInvis .     C - +8 hand axe of a Thousand Curses {antimagic, *Drain rF+ MR+}
rCold  . . .     Clarity  .     b - +0 scale mail
rNeg   . . .     SustAt   .     K - +2 shield
rPois  .         Gourm    .     (helmet restricted)
rElec  .         Spirit   .     x - +0 cloak
rCorr  .         Warding  .     p - +0 pair of gloves
rMut   .         Stasis   .     (no boots)
MR     +....                    (no amulet)
Stlth  ..........               (no ring)
                                y - ring of invisibility

@: somewhat resistant to hostile enchantments, extremely unstealthy
A: retaliatory headbutt, horns 2
a: Heroism, Renounce Religion, Evoke Invisibility


You were on level 7 of the Dungeon.
You worshipped Okawaru.
Okawaru was pleased with you.
You were not hungry.

You visited 2 branches of the dungeon, and saw 8 of its levels.
You also visited: Sewer.

You collected 497 gold pieces.

Inventory:

Hand weapons
 C - the +8 hand axe of a Thousand Curses (weapon) {antimagic, *Drain rF+ MR+}
   (You found it on level 5 of the Dungeon)

   It disrupts the flow of magical energy around spellcasters and certain
   magical creatures (including the wielder).
   It protects you from fire.
   It affects your resistance to hostile enchantments.
   It causes draining when unequipped.
 H - a +3 hand axe
Missiles
 t - 16 tomahawks (quivered)
 L - 3 throwing nets
Armour
 b - a +0 scale mail (worn)
 p - a +0 pair of gloves (worn)
 x - a +0 cloak (worn)
 K - a +2 shield (worn)
Rods
 F - a +0 rod of shadows (11/11)
   (You found it on level 6 of the Dungeon)
Jewellery
 s - an uncursed amulet of guardian spirit
 y - a ring of invisibility (left hand)
Magical devices
 c - a wand of digging (16)
 m - a wand of hasting (1)
 B - a wand of fire (12)
Scrolls
 d - a scroll of recharging {unknown}
 f - 3 scrolls of teleportation {unknown}
 g - 3 scrolls of enchant weapon {unknown}
 h - 3 scrolls of noise {unknown}
 j - 2 scrolls of blinking {unknown}
 n - a scroll of magic mapping {unknown}
 o - 3 scrolls of identify
 q - 3 scrolls of remove curse
 v - a scroll of enchant armour {unknown}
 D - a scroll of fear {unknown}
 E - a scroll of holy word {unknown}
 I - a scroll of immolation {unknown}
Potions
 i - a potion of invisibility {unknown}
 k - a potion of beneficial mutation {unknown}
 l - 4 potions of curing
 r - 2 potions of heal wounds
 u - 2 potions of haste {unknown}
 w - 2 potions of brilliance {unknown}
 z - a potion of berserk rage {unknown}
 A - a potion of degeneration {unknown}
 G - a potion of cancellation {unknown}
 M - a potion of poison {unknown}
Comestibles
 e - a bread ration
 N - a meat ration


   Skills:
 - Level 4.1 Fighting
 * Level 12.3 Axes
 + Level 8.8 Armour
 + Level 8.9 Shields


You had 8 spell levels left.
You didn't know any spells.

Dungeon Overview and Level Annotations

Branches:
Dungeon (7/15)             Temple (1/1) D:5

Altars:
Cheibriados
Kikubaaqudgha
Nemelex Xobeh
Okawaru
Ru
Sif Muna
Trog
Vehumet
Xom
Yredelemnul
Zin
The Shining One


Innate Abilities, Weirdness & Mutations

You reflexively headbutt those who attack you in melee.
You have a pair of horns on your head.


Message History

You hit the boulder beetle but do no damage.
The boulder beetle is lightly wounded.
The boulder beetle bites you!
The boulder beetle curls into a ball and starts rolling!
The boulder beetle hits a rock wall.
The boulder beetle stops rolling.
You block the boulder beetle's attack.
You hit the boulder beetle but do no damage.
You headbutt the boulder beetle.
The boulder beetle is moderately wounded.
You hit the boulder beetle.
The boulder beetle is moderately wounded.
The boulder beetle misses you.
You hit the boulder beetle.
You headbutt the boulder beetle, but do no damage.
The boulder beetle is moderately wounded.
The boulder beetle waves its antennae.
The boulder beetle curls into a ball and starts rolling!
The boulder beetle smashes into you!
Ouch! That really hurt!
You die...

#...##...>.........))'......#....
#...##..........#...##....#.#....
#...##......<...###.##....#.#....
#...###.###########.#######...##.
##### #.........§##.# ##..##.
##########§##.# #..##. #§#..#
##.### #####B#.## #.# # #....@#
#.# #.##### #.# #.#


You could see a boulder beetle.

Vanquished Creatures
  Grinder (D:4)
  An ice beast (D:5)
  Duvessa (D:7)
  2 orc warriors (D:6)
  A sky beast (D:5)
  A phantom (D:4)
  2 centaurs
  4 ogres
  2 gnoll sergeants (D:6)
  A giant frog (D:7)
  7 big kobolds (Sewer)
  Dowan (D:7)
  3 wights (D:7)
  A scorpion (D:6)
  3 crimson imps
  4 giant frog zombies
  3 orc priests
  Crazy Yiuf (D:4)
  Ijyb (D:3)
  3 gnoll shamans (D:6)
  4 hounds
  2 jellies (D:6)
  4 orc wizards (D:6)
  An iguana (D:7)
  7 worker ants
  Natasha (twice) (D:3)
  A mummy (D:5)
  2 worker ant zombies
  8 gnolls (D:6)
  2 river rats (Sewer)
  13 adders
  2 shadow imps
  6 oozes
  An adder zombie (D:7)
  4 worms
  2 giant geckos
  27 orcs
  6 giant cockroaches
  8 hobgoblins
  10 jackals
  13 kobolds
  7 quokkas
  3 ball pythons
  7 bats
  6 giant newts
  16 goblins
  4 orc zombies (D:5)
  19 rats
  3 fungi (D:4)
  2 plants (D:6)
235 creatures vanquished.

Vanquished Creatures (others)
  2 plants (D:6)
2 creatures vanquished.

Grand Total: 237 creatures vanquished

Notes
Turn   | Place    | Note
--------------------------------------------------------------
     0 | D:1      | Lysie the Minotaur Fighter began the quest for the Orb.
     0 | D:1      | Reached XP level 1. HP: 19/19 MP: 0/0
     2 | D:1      | Found a runed door.
   245 | D:1      | Reached XP level 2. HP: 22/27 MP: 1/1
   266 | D:1      | Reached skill level 4 in Shields
   901 | D:2      | Reached XP level 3. HP: 30/33 MP: 2/2
  1017 | D:2      | Found a sparkling altar of Nemelex Xobeh.
  2044 | D:3      | Noticed Natasha
  2053 | D:3      | Killed Natasha
  2053 | D:3      | Reached XP level 4. HP: 16/40 MP: 3/3
  2179 | D:3      | Found a sparkling altar of Nemelex Xobeh.
  2396 | D:3      | Noticed Ijyb
  2407 | D:3      | Killed Ijyb
  2407 | D:3      | Reached XP level 5. HP: 42/46 MP: 4/4
  2567 | D:4      | Noticed a phantom
  2577 | D:4      | Noticed an ogre
  2596 | D:3      | Noticed Natasha
  2602 | D:3      | Killed Natasha
  2602 | D:3      | Reached skill level 5 in Shields
  2659 | D:4      | Noticed Grinder
  2671 | D:4      | Killed Grinder
  2671 | D:4      | Reached skill level 5 in Axes
  2671 | D:4      | Reached skill level 5 in Armour
  2671 | D:4      | Reached XP level 6. HP: 23/52 MP: 5/5
  2720 | D:4      | Killed an ogre
  2720 | D:4      | Reached skill level 6 in Axes
  2902 | D:4      | Found a bloodstained altar of Trog.
  2939 | D:4      | Killed a phantom
  2939 | D:4      | Reached XP level 7. HP: 45/59 MP: 6/6
  3112 | D:4      | Found a glowing silver altar of Zin.
  3698 | D:4      | Noticed Crazy Yiuf
  3702 | D:4      | Paralysed by Crazy Yiuf for 6 turns
  3710 | D:4      | Killed Crazy Yiuf
  3710 | D:4      | Reached skill level 7 in Axes
  3788 | D:5      | Entered Level 5 of the Dungeon
  3930 | D:5      | Found a glowing golden altar of the Shining One.
  3961 | D:5      | Found a staircase to the Ecumenical Temple.
  3973 | Temple   | Entered the Ecumenical Temple
  4004 | Temple   | Became a worshipper of Warmaster Okawaru
  4094 | D:5      | Reached skill level 8 in Axes
  4138 | D:5      | Reached XP level 8. HP: 22/66 MP: 7/7
  4427 | D:5      | Acquired Okawaru's first power
  4506 | D:5      | Got an ichor-stained hand axe
  4507 | D:5      | Identified the +8 hand axe of a Thousand Curses {antimagic, *Drain rF+ MR+} (You found it on level 5 of the Dungeon)
  4624 | D:5      | Reached skill level 9 in Axes
  4939 | D:6      | Found a basalt altar of Yredelemnul.
  5131 | D:6      | Found a glowing drain.
  5209 | D:6      | Reached skill level 10 in Axes
  5282 | Sewer    | Entered a sewer
  5408 | Sewer    | Reached XP level 9. HP: 66/71 MP: 2/8
  6036 | D:6      | Upgraded the game from 0.17-a0-1840-g87820a2 to 0.17-a0-1842-gacc33f2
  6299 | D:6      | Reached skill level 11 in Axes
  7115 | D:7      | Noticed Duvessa
  7115 | D:7      | Reached skill level 12 in Axes
  7117 | D:7      | Noticed Dowan
  7126 | D:7      | Killed Duvessa
  7132 | D:7      | Killed Dowan
  7251 | D:7      | Rolled over by a boulder beetle

Vault maps used:
D:1:      dpeg_arrival_caged_fury, eino_curves_03, minmay_misc_feat_ornament
D:2:      nemelex_xobeh_ov_fountains_minmay, first_bread
D:3:      kennysheep_goblin_castle, nemelex_dance_club_becter, uniq_natasha
D:4:      old_standard_altar, grunt_ministairs_1, minmay_misc_feat_four_crosses,
          trog_book, uniq_crazy_yiuf_cottage, uniq_grinder
D:5:      lemuel_coloured_pillars_altar, minmay_temple_entry_purple_smoke,
          minmay_mini_ossuary
D:6:      kennysheep_housing_project, portal_sewer_entry_e,
          yredelemnul_altar_generic
D:7:      boulder_indie, nicolae_lava_and_water, uniq_duvessa
Temple:   circular_temple_12
Sewer:    sewer_co_tree

Action                   |  1- 3 |  4- 6 |  7- 9 || total
-------------------------+-------+-------+-------++-------
Melee: War axe           |   101 |    75 |   126 ||   302
       Hand axe          |       |       |   356 ||   356
Throw: Tomahawk          |       |     3 |       ||     3
Invok: Heroism           |       |       |     4 ||     4
Evoke: Wand              |       |       |     1 ||     1
  Use: Potion            |     2 |       |     1 ||     3
       Scroll            |       |       |     6 ||     6
  Eat: Royal jelly       |     1 |       |     1 ||     2
       Beef jerky        |     1 |       |     1 ||     2
       Bread ration      |       |     1 |     2 ||     3
       Meat ration       |       |       |     1 ||     1
